Map: Nightscape LE

Players

Massa - Winner!

  • Race: Terran Terran
  • League: Platinum
  • Spawn Location: 1:00

qqq - Winner!

  • Race: Zerg Zerg
  • Spawn Location: 1:00

Papalamus

  • Race: Zerg Zerg
  • Spawn Location: 7:00

KickTheNoob

  • Race: Zerg Zerg
  • Spawn Location: 7:00

VOD

Have the link to the VOD?

Description

Time

  • Played on: Feb. 28, 2021, 2:44 p.m.
  • Length: 16:31
Show
View Real Time Build Order
Export as new Build Order

Massa Terran - Winner!

Build Orders: Hellion Opening 

Get SALT Encoding   

  12  0:00  SCV  
  13  0:12  SCV  
  14  0:22  Supply Depot  
  14  0:24  SCV  
  15  0:43  SCV  
  15  0:44  Barracks  
  15  0:49  Refinery  
  16  0:56  SCV  
  17  1:08  SCV  
  18  1:20  SCV  
  19  1:32  Orbital Command  
  19  1:39  Command Center  
  19  1:48  Supply Depot  
  19  1:51  Refinery  
  19  2:03  Factory  
  19  2:09  Barracks Reactor  
  19  2:17  SCV  
  20  2:29  SCV  
  21  2:41  SCV  
  22  2:51  Starport  
  22  2:53  SCV, Orbital Command  
  22  2:56  Hellion, Marine  
  22  2:57  Hellion  
  28  3:02  Supply Depot  
  28  3:05  SCV  
  29  3:14  Marine  
  29  3:18  Hellion x2  
  34  3:21  SCV  
  34  3:23  SCV  
  36  3:40  Hellion x2, Marine  
  41  3:42  Medivac  
  41  3:44  SCV x2  
  45  4:01  Hellion x2  
  49  4:15  Marine  
  50  4:18  SCV x2  
  50  4:23  Hellion  
  54  4:27  Supply Depot  
  54  4:30  Supply Depot  
  54  4:33  Engineering Bay  
  54  4:49  SCV, Hellion x2, Marine  
  58  5:07  Marine  
  58  5:11  Hellion  
  55  5:15  Hellion  
  57  5:24  Marine  
  57  5:26  Command Center  
  58  5:28  Barracks  
  58  5:31  Barracks  
  58  5:32  Hellion, Missile Turret  
  58  5:34  Terran Infantry Weapons Level 1, Missile Turret  
  60  5:42  Marine  
  62  5:47  Starport Reactor  
  61  6:00  Marine  
  61  6:03  Factory Tech Lab, Barracks  
  62  6:10  SCV  
  62  6:11  SCV  
  64  6:18  Barracks Tech Lab  
  65  6:21  Barracks Tech Lab  
  65  6:23  SCV x2  
  66  6:35  SCV  
  66  6:44  Marauder  
  68  6:49  Marauder, Marine  
  71  6:55  Stimpack  
  71  6:58  SCV x2  
  71  7:00  Medivac  
  71  7:01  Medivac  
  77  7:06  Marauder, Marine  
  80  7:10  SCV x2, Marine  
  83  7:20  Combat Shield  
  83  7:21  Marine  
  83  7:22  SCV  
  85  7:27  SCV  
  85  7:28  Terran Infantry Armor Level 1  
  85  7:29  Marauder, Supply Depot  
  84  7:30  Supply Depot  
  84  7:31  Supply Depot x2  
  84  7:33  Supply Depot  
  84  7:37  Marauder, Siege Tank  
  79  7:50  Marauder  
  80  8:03  Barracks Tech Lab  
  80  8:05  Marauder, Marine x2  
  82  8:09  Siege Tank  
  82  8:11  Marauder  
  89  8:23  Marine x2  
  89  8:24  Marauder  
  89  8:26  Marauder  
  95  8:32  Marine  
  92  8:41  Marine x2, Siege Tank  
  82  8:46  Marauder  
  82  8:48  Marauder  
  88  8:51  Marauder  
  89  8:59  Marine x2  
  91  9:07  Marauder  
  91  9:09  Marauder  
  94  9:12  Marauder  
  94  9:14  Siege Tank  
  94  9:16  Marine  
  99  9:19  Marine  
  99  9:21  Orbital Command  
  100  9:25  Refinery x2, Medivac x2  
  100  9:28  Marauder  
  100  9:31  Marauder  
  108  9:33  Marauder  
  108  9:34  Armory, Marine  
  108  9:36  Marine  
  112  9:39  Engineering Bay  
  112  9:40  Supply Depot  
  112  9:41  Supply Depot  
  112  9:43  Supply Depot  
  112  9:46  Siege Tank  
  112  10:05  Supply Depot  
  94  10:09  Supply Depot  
  94  10:13  Marauder, Marine  
  94  10:14  Marine  
  89  10:18  Siege Tank  
  80  10:34  Medivac  
  82  10:40  SCV  
  83  10:44  Concussive Shells  
  83  10:50  Siege Tank  
  83  10:52  SCV  
  87  11:01  Marauder x2, Marine x3  
  94  11:04  SCV  
  95  11:11  Command Center  
  95  11:16  SCV  
  96  11:19  Marine x3  
  96  11:20  SCV x2  
  96  11:22  Marine x2, Siege Tank  
  96  11:23  Refinery x2  
  106  11:28  SCV  
  107  11:32  SCV  
  107  11:33  SCV  
  107  11:37  Marine x3  
  112  11:40  Barracks, Marauder, Marine  
  112  11:42  Barracks  
  115  11:50  Barracks  
  113  11:54  Marine, Siege Tank  
  113  11:55  Marauder, Marine  
  113  11:58  Marauder  
  122  12:02  Marauder  
  124  12:12  Marine  
  124  12:13  Marine  
  124  12:14  Medivac x2  
  130  12:17  Marauder  
  130  12:20  Marauder  
  134  12:23  Marauder  
  134  12:26  Siege Tank  
  134  12:28  Missile Turret x2  
  139  12:30  Marine, Missile Turret x2  
  139  12:31  Marine, Planetary Fortress  
  139  12:32  Missile Turret  
  139  12:33  SCV x3  
  139  12:34  Missile Turret  
  144  12:43  Terran Infantry Armor Level 2, Terran Infantry Weapons Level 2  
  144  12:45  SCV  
  144  12:47  Command Center  
  144  12:50  Supply Depot x2  
  145  12:53  SCV, Missile Turret  
  145  12:54  SCV  
  145  12:57  SCV  
  148  13:06  SCV x2  
  150  13:14  Barracks Reactor, Barracks Tech Lab x2  
  150  13:15  Supply Depot x2  
  150  13:21  Ghost Academy  
  150  13:22  Terran Vehicle And Ship Armor Level 1  
  150  13:41  Supply Depot  
  124  14:30  Siege Tank  
  107  14:51  Personal Cloaking  
  96  15:00  Command Center  
  96  15:02  Siege Tank  
  96  15:03  Marauder x5, Marine x4  
  92  15:13  Command Center x2  
  89  15:19  Refinery  
  89  15:21  Marine x4  
  89  15:22  Factory  
  89  15:23  Factory  
  89  15:24  Refinery, Marauder x3, Marine  
  89  15:25  Marauder  
  102  15:34  Siege Tank  
  105  15:39  Marine x4  
  105  15:42  Marauder  
  111  15:45  Marauder x2  
  111  15:46  Marauder x2  
  119  15:56  Marine  
  120  16:07  Marauder x3, Marine  
  120  16:08  Marauder x2, Marine  
  132  16:25  Factory Tech Lab x2  
Show
View Real Time Build Order
Export as new Build Order

qqq Zerg - Winner!

Build Orders: Hatch First, Brood Lord Corruptor 

Get SALT Encoding   

  12  0:00  Drone  
  13  0:14  Drone  
  13  0:19  Overlord  
  14  0:47  Hatchery  
  13  0:50  Drone  
  13  0:52  Drone  
  15  1:00  Drone  
  15  1:02  Drone  
  17  1:20  Spawning Pool  
  17  1:21  Extractor  
  15  1:27  Overlord  
  15  1:30  Drone  
  16  1:34  Drone  
  17  1:45  Drone  
  18  1:56  Drone  
  19  2:05  Drone  
  20  2:18  Queen x2  
  20  2:20  Drone  
  20  2:21  Zergling x2  
  20  2:22  Drone  
  27  2:23  Drone  
  28  2:34  Extractor, Metabolic Boost  
  27  2:42  Drone, Evolution Chamber  
  27  2:46  Drone x2  
  29  2:51  Zergling x2  
  29  2:52  Zergling x2  
  29  2:57  Overlord  
  31  3:00  Zergling x2  
  32  3:08  Zerg Melee Weapons Level 1  
  32  3:12  Zergling x4  
  34  3:15  Zergling x2  
  33  3:34  Queen  
  33  3:35  Drone, Zergling x8  
  39  3:42  Drone, Zergling x2  
  39  3:45  Overlord  
  41  3:53  Zergling x4  
  40  4:08  Zergling x2  
  40  4:09  Drone x2, Zergling x2  
  42  4:26  Drone, Zergling x2  
  42  4:31  Overlord  
  44  4:37  Hatchery  
  42  4:40  Zergling x2  
  42  4:41  Zergling x4  
  45  4:49  Zergling x2  
  45  4:50  Drone, Zergling x8  
  51  5:02  Zerg Ground Armor Level 1  
  43  5:20  Lair  
  42  5:21  Zergling x8  
  42  5:22  Zergling x4  
  48  5:39  Extractor  
  48  5:42  Drone  
  48  5:44  Extractor, Drone, Zergling x4  
  48  5:47  Hatchery  
  46  5:51  Zergling x2  
  47  5:59  Queen  
  47  6:00  Zergling x4  
  47  6:01  Zergling x8  
  47  6:02  Zergling x4  
  57  6:11  Drone  
  57  6:12  Zergling x4  
  60  6:18  Drone  
  60  6:21  Spire  
  60  6:22  Zergling x2  
  57  6:43  Zergling x16  
  54  6:55  Drone, Zergling x8  
  54  6:58  Zergling x2  
  53  7:08  Queen  
  54  7:09  Drone  
  54  7:11  Drone  
  56  7:23  Drone  
  56  7:24  Drone x2, Zergling x4  
  59  7:33  Drone, Zergling x4  
  59  7:34  Zergling x2  
  57  7:43  Drone x3, Zergling x2  
  53  7:49  Mutalisk  
  53  7:50  Mutalisk  
  57  7:59  Mutalisk x2  
  57  8:03  Mutalisk  
  63  8:09  Drone x2  
  63  8:11  Mutalisk  
  67  8:21  Mutalisk x2  
  71  8:27  Mutalisk  
  69  8:36  Overlord x2  
  63  8:42  Mutalisk  
  65  8:56  Drone x2, Mutalisk x2, Zergling x2  
  65  8:57  Extractor, Mutalisk  
  73  9:18  Mutalisk x2  
  77  9:24  Infestation Pit  
  77  9:27  Drone x2  
  77  9:31  Drone x2, Mutalisk  
  80  9:34  Overlord x4  
  76  9:50  Mutalisk x2  
  76  9:51  Zergling x4  
  76  9:52  Overlord x3  
  78  10:16  Mutalisk x2  
  78  10:17  Mutalisk  
  75  10:24  Drone  
  75  10:25  Drone  
  77  10:37  Hive  
  77  10:39  Drone  
  77  10:40  Drone  
  77  10:42  Mutalisk  
  73  11:07  Mutalisk x3  
  78  11:20  Drone x7  
  85  11:30  Corruptor x2  
  89  11:34  Zergling x2  
  89  11:39  Hatchery  
  89  11:40  Overlord x2  
  89  11:50  Hatchery  
  88  11:58  Corruptor x3  
  94  12:04  Extractor  
  94  12:05  Extractor  
  94  12:07  Drone x2  
  94  12:09  Greater Spire  
  94  12:16  Queen  
  94  12:17  Corruptor  
  98  12:23  Drone x4, Overlord x2  
  102  12:30  Corruptor  
  102  12:34  Drone x2  
  102  12:37  Overlord  
  106  12:42  Corruptor  
  108  12:49  Corruptor  
  110  12:51  Corruptor  
  112  13:09  Corruptor x2  
  112  13:10  Corruptor  
  118  13:15  Overseer x2  
  118  13:17  Pneumatized Carapace  
  118  13:25  Drone x3, Corruptor  
  113  14:02  Corruptor x3  
  109  14:09  Brood Lord x3  
  119  14:28  Overlord x5  
  119  14:29  Overlord x4  
  119  14:35  Drone  
  119  14:36  Overlord x2  
  120  14:46  Brood Lord x2  
  120  14:47  Brood Lord x2  
  125  15:07  Brood Lord  
  127  15:18  Corruptor x2  
  127  15:24  Brood Lord  
  129  15:30  Drone x5  
  129  15:31  Drone x4  
  129  15:32  Drone, Corruptor  
  144  16:26  Extractor  
  144  16:27  Extractor, Spine Crawler  
Show
View Real Time Build Order
Export as new Build Order

Papalamus Zerg 

Build Orders: Hatch First 

Get SALT Encoding   

  12  0:01  Drone  
  13  0:12  Overlord  
  13  0:16  Drone  
  14  0:31  Drone x2  
  14  0:35  Drone  
  17  0:53  Hatchery  
  17  0:55  Drone  
  17  1:11  Spawning Pool  
  17  1:13  Drone  
  17  1:16  Extractor  
  16  1:27  Drone x2  
  18  1:40  Drone  
  18  1:41  Drone  
  20  1:50  Overlord  
  20  2:04  Zergling x2  
  20  2:05  Queen x2  
  20  2:07  Zergling x2  
  26  2:20  Zergling x4  
  26  2:21  Metabolic Boost  
  28  2:24  Drone  
  28  2:28  Zergling x2  
  30  2:41  Zergling x4  
  32  2:49  Drone x2  
  34  2:56  Drone  
  35  2:59  Overlord  
  35  3:10  Drone  
  35  3:12  Overlord  
  36  3:18  Drone, Hatchery  
  36  3:22  Zergling x4  
  36  3:23  Zergling x2  
  38  3:33  Zergling x6  
  38  3:35  Drone  
  38  3:43  Zergling x2  
  38  3:44  Zergling x2  
  40  3:58  Drone x3  
  40  3:59  Drone  
  43  4:12  Lair  
  43  4:14  Roach Warren  
  42  4:17  Evolution Chamber  
  42  4:22  Drone x3  
  42  4:23  Drone x3  
  47  4:32  Zergling x4  
  47  4:33  Drone  
  45  4:45  Drone  
  45  4:46  Drone x4  
  49  5:03  Roach x3  
  49  5:06  Drone x3  
  51  5:11  Glial Reconstitution  
  51  5:15  Extractor, Queen, Overlord x3  
  52  5:24  Extractor  
  51  5:33  Roach x3  
  57  5:44  Roach x2  
  57  5:45  Roach x3  
  67  5:54  Hatchery  
  66  6:09  Roach x4  
  66  6:10  Roach  
  76  6:12  Overlord  
  76  6:15  Extractor  
  75  6:22  Hydralisk Den  
  75  6:25  Drone x2  
  76  6:27  Overlord x2  
  76  6:43  Roach x3  
  76  6:44  Roach  
  84  6:48  Roach  
  84  6:49  Roach  
  86  6:59  Roach x3  
  86  7:00  Roach  
  82  7:04  Roach  
  82  7:06  Spore Crawler  
  75  7:09  Queen  
  75  7:11  Queen  
  79  7:16  Roach x3  
  89  7:22  Roach  
  89  7:23  Roach  
  89  7:24  Drone  
  89  7:29  Zerg Missile Weapons Level 1  
  90  7:36  Roach x4  
  89  7:46  Roach x2  
  91  7:54  Drone x5  
  91  7:56  Drone  
  91  7:57  Drone  
  98  8:04  Roach x3  
  104  8:11  Drone x2  
  106  8:14  Overlord x2  
  106  8:22  Overlord x2  
  106  8:37  Hydralisk x4  
  110  8:45  Hydralisk x2  
  105  8:52  Extractor x2  
  105  8:53  Roach x3  
  105  8:58  Queen  
  105  9:00  Spore Crawler  
  104  9:04  Hydralisk  
  100  9:17  Spore Crawler  
  100  9:19  Drone x2  
  100  9:20  Drone  
  102  9:28  Drone x3  
  106  9:31  Drone x2  
  103  9:40  Hydralisk x4  
  111  9:49  Lurker Den  
  110  9:54  Queen  
  107  10:00  Roach x3  
  87  10:07  Spine Crawler  
  87  10:08  Drone x3  
  77  10:17  Roach  
  77  10:18  Roach x3  
  71  10:25  Drone x2  
  71  10:26  Drone x2  
  71  10:30  Hydralisk x2  
  73  10:37  Drone x3  
  76  10:46  Hydralisk x2  
  76  10:47  Hydralisk  
  82  10:55  Roach x2  
  82  10:56  Roach  
  81  11:05  Drone x4  
  85  11:23  Drone  
  85  11:24  Drone x4  
  90  11:45  Drone x4  
  90  11:46  Drone x2  
  96  11:52  Drone x5  
  93  12:05  Spore Crawler  
  92  12:09  Spore Crawler  
  92  12:10  Hatchery  
  90  12:21  Grooved Spines  
  90  12:23  Drone x4, Infestation Pit  
  90  12:29  Queen  
  95  12:33  Queen  
  97  12:45  Queen  
  99  12:51  Hydralisk x4  
  99  12:52  Hydralisk  
  109  13:01  Hydralisk  
  109  13:02  Hydralisk x3  
  117  13:16  Spore Crawler  
  116  13:22  Overlord x3  
  116  13:27  Spore Crawler  
  116  13:28  Spore Crawler  
  116  13:32  Spore Crawler, Muscular Augments  
  107  13:46  Hydralisk x3  
  107  13:47  Hydralisk x2  
  116  13:54  Hydralisk x3  
  116  13:55  Hydralisk x2  
  126  14:00  Hydralisk, Spore Crawler  
  126  14:02  Spore Crawler  
  125  14:11  Queen  
  125  14:15  Hydralisk  
  128  14:20  Overlord  
  126  14:24  Drone  
  126  14:25  Drone  
  128  14:37  Spore Crawler  
  127  14:40  Spore Crawler  
  127  14:42  Drone x3  
  129  14:48  Spore Crawler  
  128  14:54  Queen  
  128  14:55  Hydralisk x4  
  124  15:06  Hydralisk x6  
  116  15:10  Lurker  
  111  15:16  Lurker x3  
  110  15:26  Hydralisk x5  
  110  15:28  Spire  
  117  15:31  Queen  
  117  15:33  Drone  
Show
View Real Time Build Order
Export as new Build Order

KickTheNoob Zerg 

Build Orders: Hatch First, Lurkers, Roach Hydra 

Get SALT Encoding   

  12  0:00  Drone  
  13  0:08  Drone  
  14  0:16  Overlord  
  14  0:34  Drone x2  
  16  0:36  Drone  
  17  0:53  Hatchery  
  17  0:56  Drone  
  17  1:03  Drone  
  18  1:04  Extractor  
  17  1:14  Spawning Pool  
  17  1:17  Drone  
  17  1:29  Drone  
  17  1:30  Drone  
  19  1:40  Overlord  
  19  1:52  Drone  
  20  2:01  Queen  
  20  2:04  Queen  
  20  2:05  Metabolic Boost  
  24  2:18  Drone x2  
  24  2:20  Drone  
  24  2:21  Drone  
  28  2:32  Overlord  
  28  2:44  Lair  
  28  2:47  Zergling x2  
  28  2:48  Zergling x6  
  32  2:53  Zergling x2  
  32  2:55  Zergling x2  
  34  3:00  Zergling x2  
  35  3:06  Overlord  
  35  3:10  Zergling x2  
  35  3:11  Zergling x6  
  39  3:20  Zergling x2  
  39  3:21  Zergling x6  
  43  3:27  Overlord  
  43  3:31  Zergling x2  
  44  3:46  Drone x2, Spine Crawler  
  44  3:47  Drone x3, Spine Crawler  
  32  4:13  Drone x2  
  32  4:14  Drone, Roach Warren  
  33  4:21  Drone x2, Spine Crawler  
  33  4:22  Drone, Extractor  
  34  4:26  Zergling x2  
  35  4:32  Extractor  
  35  4:36  Drone, Spine Crawler  
  34  4:40  Spine Crawler  
  33  4:53  Roach x2  
  33  4:54  Roach x5  
  33  4:58  Drone  
  48  5:13  Roach  
  48  5:14  Roach x3  
  55  5:23  Drone x3  
  55  5:24  Drone  
  55  5:25  Drone  
  55  5:27  Extractor  
  59  5:34  Glial Reconstitution  
  59  5:36  Drone  
  59  5:38  Overlord  
  60  5:55  Overlord x3  
  60  5:57  Drone x3  
  63  6:09  Drone x2, Evolution Chamber  
  63  6:11  Evolution Chamber  
  63  6:12  Drone  
  64  6:29  Roach x5  
  64  6:52  Roach x8  
  68  7:06  Zerg Missile Weapons Level 1  
  68  7:07  Zerg Ground Armor Level 1  
  68  7:08  Hydralisk Den  
  67  7:09  Drone  
  67  7:11  Drone  
  69  7:18  Drone  
  69  7:19  Drone x2  
  70  7:50  Drone x2  
  72  8:02  Muscular Augments  
  72  8:07  Lurker Den  
  72  8:08  Infestation Pit  
  72  8:10  Hatchery  
  72  8:12  Overlord x3  
  69  8:13  Roach  
  69  8:14  Roach x4  
  79  8:22  Spore Crawler  
  79  8:24  Drone x4, Spore Crawler  
  67  8:52  Hydralisk  
  67  8:53  Hydralisk x7  
  79  9:07  Hydralisk  
  79  9:08  Hydralisk x3  
  87  9:14  Grooved Spines  
  87  9:26  Hydralisk x5  
  87  9:29  Zergling x4  
  87  9:30  Zergling x2  
  100  9:43  Drone  
  101  9:56  Drone x8  
  67  10:27  Drone x3  
  58  10:31  Hydralisk x6, Spore Crawler x2  
  68  10:40  Zerg Ground Armor Level 2, Zerg Missile Weapons Level 2  
  65  10:50  Spore Crawler  
  65  10:51  Spore Crawler x2  
  65  10:52  Spore Crawler  
  65  10:56  Spore Crawler  
  60  11:00  Hydralisk  
  60  11:01  Hydralisk x2  
  66  11:11  Drone  
  67  11:23  Hydralisk  
  67  11:24  Hydralisk x3  
  75  11:47  Hydralisk x10  
  95  12:03  Hatchery  
  95  12:04  Overlord  
  94  12:27  Lurker x4, Infestation Pit  
  97  12:31  Hydralisk x4  
  105  12:38  Lurker  
  105  12:39  Lurker  
  105  12:41  Zergling x6  
  110  13:14  Hydralisk x3  
  116  13:29  Overlord x4  
  44  14:50  Hatchery  
  43  14:59  Hatchery  
  42  15:04  Hydralisk  
  42  15:05  Hydralisk x13  
  70  15:34  Spire  
  69  15:47  Hydralisk x6  
  81  16:07  Zergling x2  
  81  16:08  Zergling x6  
Tags
 
Add a new tag
Caveats
  • Supply blocks, unpowered buildings, or Contaminate may cause inaccurate times.
  • Supply counts are checked every 10 seconds.